 Dungeon Crawl Stone Soup version 0.30.0-18-gc0e69614cb (webtiles) character file.

Game seed: 6691043428851419528

466299 Atelerd the Imperceptible (level 24, -2/219 HPs)
             Began as an Octopode Earth Elementalist on May 23, 2023.
             Was a High Priest of Sif Muna.
             Shot with a bolt by a yaktaur captain (3 damage)
             ... on level 5 of the Vaults on May 24, 2023.
             The game lasted 04:09:31 (65784 turns).

Atelerd the Imperceptible (OpEE)                   Turns: 65784, Time: 04:09:32

Health: -2/219     AC: 34    Str: 11    XL:     24   Next: 58%
Magic:  46/65      EV: 22    Int: 28    God:    Sif Muna [*****.]
Gold:   1487       SH:  8    Dex: 28    Spells: 4/63 levels left

rFire   + + +        e - staff of conjuration "Plog" {rElec rC++ Str+3}
rCold   + + +        g - +0 buckler
rNeg    + + +        W - +2 hood of the Assassin {Detect Stab+ Stlth++}
rPois   ∞            x - amulet "Tefikhou" {Faith rC++ Regen+ Dex+3}
rElec   +            t - ring "Zurosuh" {rF++ Str-3 Dex+6 Slay+5}
rCorr   +            c - ring of magical power
SInv    +            J - ring "Gusim" {rN++ rCorr MP+9 Int+4 Dex-3}
Will    +....        T - ring of the Wizarding Fool {rPois AC+4 Str+2 SInv} Stlth **++++++++
                     v - ring of protection from fire
HPRegen 1.36/turn    Z - ring of wizardry
MPRegen 0.39/turn    j - ring "Wagegow" {rN+ Dex+7}
                     o - ring of wizardry

%: clarity, faith, wizardry (x2)
@: statue-form (expiring), studying 2 skills, very slow
A: slow and powerful, torment resistance 1, boosted hp, almost no armour,
amphibious, 8 rings, camouflage 1, (gelatinous body 1), (nimble swimmer 1),
tentacles, clarity, fire resistance 1, robust 1
}: 2/15 runes: decaying, serpentine
a: End Transformation, Renounce Religion, Channel Magic, Forget Spell, Divine
Exegesis


You were on level 5 of the Vaults.
You worshipped Sif Muna.
Sif Muna was extremely pleased with you.
You were a living statue of rough stone.
You visited 10 branches of the dungeon, and saw 44 of its levels.
You visited the Abyss 1 time.
You visited 3 bazaars.
You also visited: Gauntlet and Ice Cave.

You collected 6816 gold pieces.
You spent 5329 gold pieces at shops.

Inventory:

Hand Weapons
 q - a +5 quick blade of freezing
 G - the +6 long sword of Jautil {flame, rF++}
   (You found it on level 7 of the Dungeon)

   rF:        It greatly protects you from fire.
Armour
 g - a +0 buckler (worn)
 W - the +2 hood of the Assassin (worn) {Detect Stab+ Stlth++}
   (You bought it in a shop on level 10 of the Dungeon)

   Detect:    It allows the wearer to sense nearby creatures.
   Stab+:     It allows the wearer to make particularly effective stabbing
   attacks against helpless or unaware enemies with any weapon.
   Stlth:     It makes you much more stealthy.
Magical Staves
 e - the staff of conjuration "Plog" (weapon) {rElec rC++ Str+3}
   (You found it on level 10 of the Dungeon)

   [staff of conjuration]

   Base accuracy: +5 Base damage: 5 Base attack delay: 1.2 This weapon's minimum
   attack delay (0.6) is reached at skill level 12.
   Str:       It affects your strength (+3).
   rC:        It greatly protects you from cold.
   rElec:     It insulates you from electricity.
   It falls into the 'Staves' category.
   It is a one-tentacled weapon.
 w - the staff of air "Toari" {rElec rPois Will+ Str+3}
   (You found it on level 3 of the Elven Halls)

   [staff of air]

   Base accuracy: +5 Base damage: 5 Base attack delay: 1.2 This weapon's minimum
   attack delay (0.6) is reached at skill level 12.
   Str:       It affects your strength (+3).
   rElec:     It insulates you from electricity.
   rPois:     It protects you from poison.
   Will:      It increases your willpower.
   It falls into the 'Staves' category.
   It is a one-tentacled weapon.
Jewellery
 c - a ring of magical power (right tentacle)
 j - the ring "Wagegow" (on tentacle) {rN+ Dex+7}
   (You found it on level 1 of the Elven Halls)

   [ring of positive energy]

   Dex:       It affects your dexterity (+7).
   rN:        It protects you from negative energy.
 o - a ring of wizardry (on tentacle)
 r - a ring of willpower
 t - the ring "Zurosuh" (left tentacle) {rF++ Str-3 Dex+6 Slay+5}
   (You took it off a deep elf blademaster on level 3 of the Elven Halls)

   [ring of dexterity]

   Str:       It affects your strength (-3).
   Dex:       It affects your dexterity (+6).
   Slay:      It affects your accuracy & damage with ranged weapons and melee
   (+5).
   rF:        It greatly protects you from fire.
 v - a ring of protection from fire (on tentacle)
 x - the amulet "Tefikhou" (around mantle) {Faith rC++ Regen+ Dex+3}
   (You found it on level 9 of the Dungeon)

   [amulet of faith]

   It allows you to gain divine favour quickly.
   Dex:       It affects your dexterity (+3).
   rC:        It greatly protects you from cold.
   Regen:     It increases your rate of health regeneration.
 J - the ring "Gusim" (on tentacle) {rN++ rCorr MP+9 Int+4 Dex-3}
   (You took it off a deep elf death mage on level 3 of the Elven Halls)

   [ring of resist corrosion]

   Int:       It affects your intelligence (+4).
   Dex:       It affects your dexterity (-3).
   rN:        It greatly protects you from negative energy.
   MP:        It affects your magic capacity (+9).
   rCorr:     It protects you from acid and corrosion.
 N - a +6 ring of dexterity
 T - the ring of the Wizarding Fool (on tentacle) {rPois AC+4 Str+2 SInv}
   (You found it in a Gauntlet)

   [ring of protection]

   AC:        It affects your AC (+4).
   Str:       It affects your strength (+2).
   rPois:     It protects you from poison.
   SInv:      It lets you see invisible.
 Z - a ring of wizardry (on tentacle)
Wands
 k - a wand of roots (14)
 B - a wand of paralysis (18)
 F - a wand of mindburst (15)
 H - a wand of light (35)
 P - a wand of digging (15)
 Q - a wand of flame (46)
 U - a wand of polymorph (16)
Scrolls
 b - 5 scrolls of fog
 d - 14 scrolls of teleportation
 f - a scroll of magic mapping
 h - 2 scrolls of fear
 m - 9 scrolls of vulnerability
 p - 6 scrolls of enchant armour
 y - 8 scrolls of torment
 D - 4 scrolls of brand weapon
 E - 4 scrolls of silence
 I - 2 scrolls of blinking
 O - 3 scrolls of immolation
 S - 5 scrolls of amnesia
 V - a scroll of enchant weapon
 Y - 2 scrolls of butterflies
Potions
 a - 6 potions of magic
 i - 3 potions of berserk rage
 l - 5 potions of ambrosia
 n - 5 potions of mutation
 s - 5 potions of cancellation
 u - 9 potions of brilliance
 z - a potion of heal wounds
 C - 9 potions of haste
 K - 9 potions of might
 L - 3 potions of resistance
 M - 5 potions of flight
 R - 23 potions of curing
 X - 2 potions of invisibility
Miscellaneous
 A - a phantom mirror


   Skills:
 - Level 10.0 Fighting
 - Level 7.0 Short Blades
 - Level 10.0 Dodging
 + Level 21.7 Stealth
 - Level 10.0 Shields
 - Level 20.0 Spellcasting
 - Level 12.0 Conjurations
 - Level 10.0 Summonings
 - Level 10.0 Necromancy
 - Level 1.0 Translocations
 - Level 6.0 Transmutations
 - Level 4.0 Fire Magic
 - Level 6.9 Ice Magic
 - Level 16.0 Air Magic
 - Level 13.4 Earth Magic
 - Level 12.0 Invocations
 - Level 2.0 Evocations


You had 4 spell levels left.
You knew the following spells:

 Your Spells              Type           Power      Damage    Failure   Level
a - Plasma Beam           Fire/Air       35%        2x1d53    1%          6
c - Conjure Ball Lightni  Conj/Air       51%        3x3d18    1%          6
d - Blink                 Tloc           66%        N/A       1%          2
e - Iskenderun's Mystic   Conj/Tloc      77%        2d15      1%          4
h - Haunt                 Necr/Summ      35%        N/A       7%          7
i - Iron Shot             Conj/Erth      49%        9d9       1%          6
k - Airstrike             Air            43%        2d(7-23)  1%          4
l - Lee's Rapid Deconstr  Erth           40%        3d20*     1%          5
m - Maxwell's Capacitive  Air            43%        ∞         4%          8
s - Statue Form           Tmut/Erth      46%        N/A       1%          6
u - Freezing Cloud        Conj/Ice/Air   48%        6-21      1%          5

Your spell library contained the following spells:

 Spells                   Type           Power      Damage    Failure   Level
 Kiss of Death            Conj/Necr      100%       2d13      0%          1
 Magic Dart               Conj           100%       1d8       0%          1
 Sandblast                Erth           100%       2d20      0%          1
 Shock                    Conj/Air       100%       1d9       0%          1
 Searing Ray              Conj           100%       2d8       0%          2
 Static Discharge         Conj/Air       100%       2-7/arc   0%          2
 Swiftness                Air            87%        N/A       0%          3
 Apportation              Tloc           66%        N/A       1%          1
 Beastly Appendage        Tmut           100%       N/A       1%          1
 Foxfire                  Conj/Fire      100%       2x1d9     1%          1
 Freeze                   Ice            100%       1d10      1%          1
 Necrotise                Necr           100%       1d9       1%          1
 Summon Small Mammal      Summ           100%       N/A       1%          1
 Cigotuvi's Dreadful Rot  Necr/Pois/Air  100%       N/A       1%          2
 Ensorcelled Hibernation  Hex/Ice        94%        N/A       1%          2
 Momentum Strike          Conj/Tloc      100%       3d10      1%          2
 Passwall                 Tmut/Erth      58%        N/A       1%          2
 Poisonous Vapours        Pois/Air       100%       N/A       1%          2
 Sublimation of Blood     Necr           71%        N/A       1%          2
 Wereblood                Tmut           57%        N/A       1%          2
 Call Canine Familiar     Summ           71%        N/A       1%          3
 Dazzling Flash           Conj/Hex       100%       N/A       1%          3
 Frozen Ramparts          Ice            100%       1d16      1%          3
 Hailstorm                Conj/Ice       88%        3d18      1%          3
 Ignite Poison            Fire/Tmut/Pois 46%        N/A       1%          3
 Inner Flame              Hex/Fire       39%        N/A       1%          3
 Mephitic Cloud           Conj/Pois/Air  88%        N/A       1%          3
 Ozocubu's Armour         Ice            61%        N/A       1%          3
 Portal Projectile        Hex/Tloc       60%        N/A       1%          3
 Spider Form              Tmut/Pois      44%        N/A       1%          3
 Stone Arrow              Conj/Erth      100%       3d13      1%          3
 Summon Guardian Golem    Hex/Summ       54%        N/A       1%          3
 Tukima's Dance           Hex            28%        N/A       1%          3
 Vampiric Draining        Necr           71%        2d11      1%          3
 Vhi's Electric Charge    Tloc/Air       100%       N/A       1%          3
 Volatile Blastmotes      Fire/Tloc      84%        2d17      1%          3
 Anguish                  Hex/Necr       27%        N/A       1%          4
 Animate Dead             Necr           71%        N/A       1%          4
 Dispel Undead            Necr           71%        3d24      1%          4
 Flame Wave               Conj/Fire      83%        2d18      1%          4
 Fulminant Prism          Conj/Hex       37%        3d17      1%          4
 Ice Form                 Ice/Tmut       59%        N/A       1%          4
 Leda's Liquefaction      Hex/Erth       30%        N/A       1%          4
 Petrify                  Tmut/Erth      70%        N/A       1%          4
 Sticky Flame             Conj/Fire      83%        2d9       1%          4
 Summon Ice Beast         Ice/Summ       66%        N/A       1%          4
 Summon Lightning Spire   Summ/Air       79%        N/A       1%          4
 Manifold Assault         Tloc           33%        N/A       3%          4
 Cause Fear               Hex            14%        N/A       5%          4
 Olgreb's Toxic Radiance  Pois           28%        N/A       5%          4
 Agony                    Necr           71%        N/A       1%          5
 Arcjolt                  Conj/Air       51%        1d61      1%          5
 Blade Hands              Tmut           28%        N/A       1%          5
 Borgnjor's Vile Clutch   Necr/Erth      38%        N/A       1%          5
 Fireball                 Conj/Fire      41%        3d17      1%          5
 Irradiate                Conj/Tmut      43%        3d26      1%          5
 Iskenderun's Battlesphe  Conj           97%        2d14      1%          5
 Silence                  Hex/Air        32%        N/A       1%          5
 Summon Forest            Summ/Tloc      28%        N/A       1%          5
 Summon Mana Viper        Hex/Summ       54%        N/A       1%          5
 Death Channel            Necr           35%        N/A       1%          6
 Summon Cactus Giant      Summ           35%        N/A       1%          6
 Simulacrum               Ice/Necr       33%        N/A       2%          6
 Metabolic Englaciation   Hex/Ice        23%        N/A       3%          5
 Starburst                Conj/Fire      41%        6d12      3%          6
 Orb of Destruction       Conj           48%        9d13      3%          7
 Yara's Violent Unravell  Hex/Tmut       22%        3d10      4%          5
 Spellforged Servitor     Conj/Summ      47%        N/A       4%          7
 Storm Form               Tmut/Air       37%        N/A       4%          7
 Summon Hydra             Summ           35%        N/A       7%          7
 Lehudib's Crystal Spear  Conj/Erth      49%        10d12     17%         8
 Eringya's Noxious Bog    Tmut/Pois      22%        N/A       21%         6
 Ozocubu's Refrigeration  Ice            30%        4d14      22%         7
 Dragon Form              Tmut           28%        N/A       32%         7
 Malign Gateway           Summ/Tloc      28%        N/A       36%         7
 Borgnjor's Revivificati  Necr           35%        N/A       43%         8
 Summon Horrible Things   Summ           35%        N/A       43%         8
 Necromutation            Tmut/Necr      32%        N/A       71%         8
 Chain Lightning          Conj/Air       51%        3d68      78%         9
 Shatter                  Erth           40%        3d31*     86%         9
 Enfeeble                 Hex            14%        N/A       97%         7
 Ignition                 Fire           25%        3d8       99%         8
 Dragon's Call            Summ           35%        N/A       99%         9
 Fire Storm               Conj/Fire      41%        8d11      100%        9
 Polar Vortex             Ice            30%        N/A       100%        9


Dungeon Overview and Level Annotations

Branches:
Dungeon (15/15)            Temple (1/1) D:4            Lair (5/5) D:8
  Swamp (4/4) Lair:3        Snake (4/4) Lair:3        Slime (1/5) Lair:4
    Orc (2/2) D:9             Elf (3/3) Orc:2        Vaults (5/5) D:13
  Crypt (0/3) Vaults:3     Depths (4/4) D:15          IceCv (visited)
Gauntlet (visited)
    Zot: Depths:4

Altars:
Ashenzari
Cheibriados
Dithmenos
Elyvilon
Fedhas
Gozag
Hepliaklqana
Kikubaaqudgha
Makhleb
Nemelex Xobeh
Okawaru
Qazlal
Ru
Sif Muna
Trog
Uskayaw
Vehumet
Wu Jian
Xom
Yredelemnul
Zin
The Shining One
Jiyva

Shops:
D:6 (:*?*   D:7 *   D:10 [   D:14 *   Orc:2 :[!*   Elf:3 :   Snake:1 =
Snake:3 [   Snake:4 =:=   Vaults:2 *   Vaults:3 (   Depths:1 (
Depths:2 ****=(

Portals:
Hell: Depths:1 Depths:2 Depths:3 Depths:4
Abyss: Depths:3
Pandemonium: Depths:1 Depths:2 Depths:3
Ziggurat: Depths:1

Annotations:
D:1 exclusion: downstairs
D:3 exclusion: downstairs
D:5 2 transporters
D:6 exclusion: 2 downstairs
D:8 Erica
D:9 2 runed translucent doors, exclusion: upstairs
D:11 3 runed translucent doors, Rello's ghost, journeyman HOBe; RichitheSlayer's ghost, journeyman HuCj; glacial86's ghost, journeyman DrAr; raetorn's ghost, journeyman DjFE
Swamp:2 exclusion: downstairs
Snake:1 exclusion: downstairs
Orc:1 exclusion: downstairs
Depths:1 exclusion: 2 downstairs
Depths:2 2 transporters, exclusions: downstairs and orange crystal statue
Depths:3 3 runed translucent doors, exclusions: 3 downstairs and upstairs, Byusuceo's ghost, adept TrMo
Depths:4 Saint Roka


Innate Abilities, Weirdness & Mutations

You are a living statue of rough stone.
Your actions are slow, but your melee attacks are powerful.
You are resistant to unholy torment.
Your maximum health is greatly increased.
You are immune to poison.
You cannot wear most types of armour.
You are amphibious.
You can wear up to eight rings at the same time.
Your skin changes colour to match your surroundings (Stealth+).
((Your rubbery body absorbs attacks. (AC +1, EV +1)))
((You are camouflaged when in or above water. (Stealth+)))
You have tentacles for arms and can constrict up to eight enemies at once.
You possess an exceptional clarity of mind.
Your flesh is heat resistant. (rF+)
You are robust. (+10% HP)


Message History

As you read the scroll of teleportation, it crumbles to dust.
You feel strangely unstable.
You revert to your normal fleshy form.
You feel a little less clever now.
A quicksilver dragon comes into view.
Your ball lightning explodes!
The blast of lightning engulfs the yaktaur captain!!
The yaktaur captain is severely wounded.
The blast of lightning engulfs the golden dragon!
The golden dragon resists.
The golden dragon is moderately wounded.
The blast of lightning engulfs you! You resist.
* * * LOW HITPOINT WARNING * * *
The blast of lightning engulfs your ball lightning.
Your ball lightning completely resists.
The yaktaur captain shoots a bolt.
The bolt hits you!!
* * * LOW HITPOINT WARNING * * *
A shadow dragon comes into view.
The golden dragon breathes fire at you. The bolt of fire misses you.
A tentacled monstrosity comes into view.
You hear a shout! x2
Unknown command.
Unknown command.
Unknown command.
Casting: Conjure Ball Lightning (mildly dangerous; 1% risk of failure)
Confirm with . or Enter, or press ? or * to list all spells.
You turn into a living statue of rough stone.
The quicksilver dragon breathes dispelling energy at you.
The bolt of dispelling energy hits you!!
You feel strangely stable.
Your magical effects are unravelling.
* * * LOW HITPOINT WARNING * * *
Your ball lightning explodes!
The blast of lightning engulfs you! You resist.
* * * LOW HITPOINT WARNING * * *
The blast of lightning engulfs the tentacled monstrosity!
The tentacled monstrosity resists.
The tentacled monstrosity is lightly wounded.
The yaktaur captain shoots a bolt.
The bolt hits you.
You die...

......#....# X
#.#...#....#D#
.D...#....#.##
#...#......?#
............
#####.§)))....#
......)§§<.)...
.....))8.)<....
.......§<<)))..
.......)))X)...
#####..).)...##


cD.....)... #..#....#... #..#....#..# ...#....# .. You could see a shadow
dragon, 2 tentacled monstrosities, a golden dragon (catching breath), a
quicksilver dragon (catching breath) and a yaktaur captain.

Vanquished Creatures
  Mara (Swamp:3)
  Margery (Vaults:2)
  Frederick (Vaults:5)
  Vashnia (Snake:4)
  A golden dragon (Depths:3)
  Jorgrun (Elf:1)
  2 tentacled monstrosities (Depths:3)
  2 liches
  2 deep elf blademasters (Elf:3)
  A quicksilver dragon (Vaults:5)
  A titan (Vaults:2)
  An acid blob (Slime:1)
  2 deep elf master archers (Elf:3)
  3 sphinxes (Depths:3)
  2 thorn hunters
  2 tentacled starspawn
  Kirke (D:15)
  2 tengu reavers
  2 storm dragons (Depths:3)
  A shadow dragon (Vaults:4)
  An azure jelly (Slime:1)
  Donald (Snake:4)
  18 nagarajas
  A frost giant (Depths:2)
  An iron dragon (Depths:3)
  3 fire giants (Depths:3)
  6 deep elf sorcerers
  Aizul (Snake:1)
  A balrug (Depths:1)
  A curse skull (Elf:3)
  5 ghouls
  2 spriggan defenders
  2 deep elf elementalists
  2 orc warlords
  13 vault wardens
  Louise (Swamp:1)
  13 ironbound preservers
  18 very ugly things
  10 stone giants
  6 ironbound thunderhulks
  A reaper (Depths:3)
  A vampire knight (Depths:2)
  8 bunyips
  4 eleionomae
  5 deep elf demonologists (Elf:3)
  8 deep elf annihilators
  Azrael (Elf:1)
  8 dire elephants (Vaults:1)
  19 spark wasps
  A minotaur (Gauntlet)
  11 deep elf death magi
  A blizzard demon (Depths:2)
  2 crystal guardians
  A shambling mangrove (Swamp:4)
  4 deep elf high priests
  9 ettins
  An entropy weaver (Vaults:3)
  3 rakshasas
  14 yaktaur captains
  4 fire dragons
  33 vault guards
  3 great orbs of eyes
  Harold (Orc:1)
  7 ice dragons
  22 hydras
  A salamander tyrant (Snake:3)
  A catoblepas (Lair:3)
  3 spriggan air magi (Depths:2)
  A merfolk avatar (Lair:5)
  An ogre mage (Vaults:4)
  9 ironbound frosthearts
  A peacekeeper (Vaults:1)
  3 ghost crabs
  10 anacondas
  4 boulder beetles
  11 alligators
  17 centaur warriors
  7 two-headed ogres
  16 naga warriors
  18 dancing weapons
  6 death yaks
  4 deep troll shamans
  3 tengu warriors
  Urug (Lair:4)
  3 orc high priests (Orc:2)
  20 naga sharpshooters
  A vampire mage (Elf:3)
  A deep troll earth mage (Depths:2)
  13 hell knights
  A wretched star (Abyss:2)
  10 shock serpents
  4 spriggan berserkers
  A large abomination (Abyss:2)
  Sonja (D:10)
  3 iron trolls
  5 sixfirhies
  2 skysharks (Lair:5)
  13 deep elf knights
  A salamander mystic (Snake:1)
  3 elf simulacra (Elf:3)
  7 goliath frogs
  2 sea snakes (Snake:3)
  4 skeletal warriors
  A flayed ghost (Depths:2)
  18 deep elf archers
  38 deep trolls
  3 spriggan druids
  5 glowing orange brains
  7 wizards
  3 naga ritualists
  2 harpies (Lair:5)
  A shadow dragon zombie (Depths:2)
  7 bog bodies
  13 swamp dragons
  4 necromancers
  An orange crystal statue (D:9)
  3 starcursed masses (Abyss:3)
  12 ironbound convokers
  25 deep elf zephyrmancers
  17 lindwurms
  13 orc knights
  37 ugly things
  29 deep elf pyromancers
  9 salamanders
  5 orc sorcerers
  7 mana vipers
  5 will-o-the-wisps
  A worldbinder (Abyss:3)
  7 cyclopes
  6 manticores
  A rust devil (Depths:3)
  3 ice statues
  2 spectral elves (Elf:3)
  8 elephants
  5 spectral spriggans (Swamp:3)
  Maurice (D:8)
  13 vault sentinels
  10 naga magi
  3 gargoyles (D:12)
  2 smoke demons (Abyss:3)
  An apocalypse crab (Abyss:3)
  A torpor snail (Lair:3)
  28 black mambas
  10 guardian serpents
  An orange demon (Depths:2)
  14 cane toads
  2 unseen horrors
  8 komodo dragons
  4 kobold demonologists
  6 ice devils
  7 rime drakes
  4 freezing wraiths
  A yaktaur (shapeshifter) (D:13)
  A spark wasp simulacrum (Depths:2)
  3 efreet (D:14)
  4 tengu conjurers
  47 yaktaurs
  3 ancient zymes (Abyss:3)
  A red devil (Depths:3)
  A wolf spider simulacrum (D:14)
  3 trolls
  A troll (shapeshifter) (Depths:3)
  4 bloated husks
  10 polar bears
  7 hornets
  A hellwing (Depths:3)
  9 blink frogs
  7 tyrant leeches
  2 snapping turtles (Lair:5)
  A fire giant simulacrum (Depths:2)
  5 dream sheep (Lair:5)
  46 slime creatures
  A spriggan (shapeshifter) (D:14)
  An air elemental (Elf:3)
  Sigmund (D:3)
  5 flying skulls
  4 wraiths
  8 wyverns
  A vampire (D:12)
  9 spriggans
  54 yaks
  A ynoxinul (Depths:1)
  A basilisk (shapeshifter) (D:15)
  7 water elementals
  2 hogs (D:15)
  5 fire elementals
  3 neqoxecs
  17 humans (D:13)
  A death yak simulacrum (Lair:1)
  2 steam dragons (Lair:5)
  3 basilisks
  2 chaos spawn
  2 redbacks (Vaults:3)
  14 vampire mosquitoes
  A warg (Orc:1)
  A harpy simulacrum (Lair:1)
  5 acid dragons
  35 nagas
  16 water moccasins
  A hell hound (Elf:1)
  19 swamp worms
  A floating eye (Depths:1)
  10 swamp drakes
  30 orc warriors
  6 sky beasts (D:7)
  2 ice beasts
  A black bear (D:7)
  13 boggarts
  12 ogres
  4 small abominations (Abyss:3)
  18 wolves
  14 centaurs
  A phantom (D:7)
  4 kobold brigands
  14 bullfrogs
  3 earth elementals
  A gnoll sergeant (D:7)
  2 scorpions
  A two-headed ogre simulacrum (Lair:1)
  A cane toad simulacrum (IceCv)
  8 wights
  19 killer bees
  3 electric eels
  8 howler monkeys
  A crimson imp (D:7)
  3 hounds
  2 jellies (D:5)
  14 orc priests
  4 iguanas
  4 sleepcaps
  4 hell rats (Lair:4)
  26 orc wizards
  A polar bear simulacrum (IceCv)
  Robin (D:3)
  7 adders
  7 gnolls
  2 naga simulacra (Lair:1)
  A shadow imp (D:7)
  A white imp (D:6)
  An ufetubus (D:7)
  3 worms
  3 dart slugs (D:1)
  64 orcs
  5 ball pythons
  A bat zombie (D:7)
  8 endoplasms
  2 giant cockroaches
  15 goblins
  22 hobgoblins
  5 jackals
  3 quokkas
  2 bats (D:1)
  2 frilled lizards (D:1)
  26 kobolds
  2 rats (D:1)
  2 rat zombies (D:7)
  A ball lightning (Elf:3)
  A butterfly (D:5)
  2 lost souls (Elf:3)
  2 starspawn tentacles (Abyss:2)
1738 creatures vanquished.

Vanquished Creatures (collateral kills)
  2 spark wasps (Depths:3)
  A harpy (Vaults:3)
  A wraith (Abyss:3)
  A redback (Vaults:3)
  8 ball lightnings
13 creatures vanquished.

Vanquished Creatures (others)
  A spriggan druid (Swamp:1)
  A deep elf zephyrmancer (Elf:1)
  A bloated husk (Swamp:1)
  A water elemental (Depths:2)
  A centaur simulacrum (D:15)
  5 humans (D:15)
  A swamp drake (Swamp:2)
  An ogre (D:15)
  An orc priest (D:15)
  An orc (D:15)
  559 ball lightnings
  A butterfly (Depths:2)
  8 foxfires
  A lost soul (Elf:3)
  2 starspawn tentacles (Abyss:2)
585 creatures vanquished.

Grand Total: 2336 creatures vanquished

Notes
Turn   | Place    | Note
-------+----------+-------------------------------------------
     0 | D:1      | Atelerd the Octopode Earth Elementalist began the quest for
                  | the Orb.
     0 | D:1      | Reached XP level 1. HP: 11/11 MP: 3/3
    84 | D:1      | Reached skill level 3 in Stealth
    84 | D:1      | Reached XP level 2. HP: 15/17 MP: 0/5
   255 | D:1      | Reached XP level 3. HP: 8/21 MP: 0/6
   710 | D:2      | Reached XP level 4. HP: 27/27 MP: 5/8
  1343 | D:3      | Noticed Sigmund
  1350 | D:3      | Learned a level 4 spell: Petrify
  1363 | D:3      | Killed Sigmund
  1364 | D:3      | Reached XP level 5. HP: 31/31 MP: 1/10
  1364 | D:3      | Reached XP level 6. HP: 36/36 MP: 1/11
  1519 | D:3      | Learned a level 3 spell: Vhi's Electric Charge
  1829 | D:3      | Found a faded altar of an unknown god.
  1898 | D:3      | Reached skill level 4 in Stealth
  2261 | D:4      | Noticed Robin
  2266 | D:3      | Killed Robin
  2462 | D:4      | Reached XP level 7. HP: 41/41 MP: 9/13
  2539 | D:4      | Found a staircase to the Ecumenical Temple.
  2565 | Temple   | Entered the Ecumenical Temple
  2565 | Temple   | Noticed a shadow demon
  2565 | Temple   | Noticed a hellion
  2565 | Temple   | Noticed a ynoxinul
  2565 | Temple   | Noticed a reaper
  2565 | Temple   | Noticed a red devil
  2565 | Temple   | Noticed an Ice Fiend
  2565 | Temple   | Noticed a smoke demon
  2566 | Temple   | Noticed Lykynocu the pandemonium lord
  2567 | Temple   | Noticed a shadow demon
  2567 | Temple   | Noticed Ynoschou the pandemonium lord
  2567 | Temple   | Noticed a balrug
  2567 | Temple   | Noticed a hellwing
  2568 | Temple   | Noticed Soul the pandemonium lord
  2568 | Temple   | Noticed an ice devil
  2569 | Temple   | Noticed a tormentor
  2595 | Temple   | Noticed a hell beast
  2614 | Temple   | Noticed a Tzitzimitl
  2614 | Temple   | Noticed Guskienk the pandemonium lord
  2632 | Temple   | Noticed Qoammir the pandemonium lord
  2632 | Temple   | Noticed a neqoxec
  2650 | Temple   | Noticed Gest the pandemonium lord
  2731 | D:4      | Reached skill level 5 in Earth Magic
  3431 | D:4      | Reached skill level 1 in Short Blades
  3431 | D:4      | Reached skill level 5 in Stealth
  3630 | D:5      | Entered Level 5 of the Dungeon
  3713 | D:5      | Found a transporter.
  3752 | D:5      | Found a transporter.
  3754 | D:5      | Reached skill level 1 in Air Magic
  4028 | D:5      | Found a snail-covered altar of Cheibriados.
  4082 | D:5      | Found a shimmering altar of Xom.
  4091 | D:5      | Reached skill level 1 in Translocations
  4407 | D:5      | Found a shimmering blue altar of Sif Muna.
  4459 | D:5      | Reached skill level 1 in Fighting
  4459 | D:5      | Reached XP level 8. HP: 32/48 MP: 5/14
  4583 | D:5      | Became a worshipper of Sif Muna the Loreminder
  5021 | D:6      | Reached skill level 6 in Stealth
  5021 | D:6      | Reached skill level 5 in Spellcasting
  5086 | D:6      | Found Seohobick's General Store.
  5170 | D:6      | Reached skill level 7 in Stealth
  5387 | D:6      | Found Elerenan's Magic Scroll Boutique.
  5389 | D:6      | Found Hucin's Book Boutique.
  5405 | D:6      | Found Zyabreij's Assorted Antiques.
  5407 | D:6      | Found Gumeto's Weapon Boutique.
  5411 | D:6      | Bought 3 scrolls of identify for 60 gold pieces
  5420 | D:6      | Bought a scroll labelled DECLAA DIAJ for 23 gold pieces
  5420 | D:6      | Bought a scroll labelled TOPIRE TIRIPHI for 23 gold pieces
  5721 | D:7      | Reached skill level 1 in Invocations
  5862 | D:7      | Reached XP level 9. HP: 49/54 MP: 7/18
  5946 | D:7      | Reached * piety under Sif Muna
  7193 | D:7      | Identified the +1 leather armour of Burimoasm {rPois rF++
                  | Regen+ Int-5}
  7203 | D:7      | Noticed a deep elf pyromancer
  7211 | D:7      | Killed a deep elf pyromancer
  7324 | D:7      | Noticed a komodo dragon
  7335 | D:7      | Killed a komodo dragon
  7336 | D:7      | Reached XP level 10. HP: 60/60 MP: 20/23
  7360 | D:7      | Noticed a two-headed ogre
  7367 | D:7      | Noticed a manticore
  7527 | D:6      | Identified a scroll of acquirement
  7528 | D:6      | Acquired a +4 ring of slaying
  7537 | D:7      | Found Kitwin's General Store.
  7543 | D:7      | Found Tiudgheow's Specific Store.
  7546 | D:7      | Bought a scroll of identify for 30 gold pieces
  7548 | D:7      | Identified the +6 long sword of Jautil {flame, rF++}
  7624 | D:7      | Found a radiant altar of Vehumet.
  7626 | D:7      | Found a burning altar of Makhleb.
  7674 | D:7      | Reached skill level 10 in Spellcasting
  7711 | D:7      | Reached ** piety under Sif Muna
  7762 | D:7      | Killed a two-headed ogre
  8012 | D:7      | Reached skill level 8 in Stealth
  8476 | D:7      | Killed a manticore
  9158 | D:7      | Got the Textbook on Transfiguration and Corruption
  9159 | D:7      | Found an ancient bone altar of Kikubaaqudgha.
  9177 | D:7      | Found a stormy altar of Qazlal.
  9295 | D:7      | Reached skill level 9 in Stealth
  9341 | D:8      | Noticed a +0 short sword
  9341 | D:8      | Noticed a +0 dagger
  9342 | D:8      | Noticed a +0 short sword
  9406 | D:8      | Noticed a +0 spear
  9407 | D:8      | Noticed a +0 falchion
  9410 | D:8      | Reached skill level 5 in Dodging
  9411 | D:8      | Noticed a +0 spear
  9420 | D:8      | Noticed a +0 falchion
  9421 | D:8      | Noticed a +0 dagger
  9422 | D:8      | Found a hide-covered altar of Uskayaw.
  9459 | D:8      | Reached XP level 11. HP: 64/64 MP: 25/25
  9462 | D:8      | Reached *** piety under Sif Muna
  9844 | D:8      | Noticed Maurice
  9852 | D:8      | Paralysed by Maurice for 2 turns
  9858 | D:8      | Killed Maurice
 10008 | D:8      | Noticed Erica
 10176 | D:9      | Reached skill level 10 in Stealth
 10250 | D:9      | Learned a level 5 spell: Freezing Cloud
 10352 | D:9      | Found an iron altar of Okawaru.
 10504 | D:9      | Found a runed translucent door.
 10552 | D:9      | Reached skill level 1 in Ice Magic
 10579 | D:9      | Found a runed translucent door.
 10604 | D:9      | Found a runed translucent door.
 10633 | D:9      | Found a runed translucent door.
 10648 | D:9      | Found a shadowy altar of Dithmenos.
 10754 | D:9      | HP: 2/64 [orc warrior/+0 heavy glaive (21)]
 10821 | D:9      | Reached **** piety under Sif Muna
 11042 | D:9      | Found a staircase to the Orcish Mines.
 11117 | D:9      | Identified the amulet "Tefikhou" {Faith rC++ Regen+ Dex+3}
 11156 | D:9      | Found a sacrificial altar of Ru.
 11323 | D:9      | Noticed an orange crystal statue
 11335 | D:10     | Entered Level 10 of the Dungeon
 11335 | D:10     | Found Ratuac's Armour Boutique.
 11422 | Orc:1    | Entered Level 1 of the Orcish Mines
 11422 | Orc:1    | Noticed Harold
 11429 | Orc:1    | Killed Harold
 11431 | Orc:1    | Noticed a cyclops
 11442 | Orc:1    | Killed a cyclops
 11901 | Orc:2    | Entered Level 2 of the Orcish Mines
 11910 | Orc:2    | Noticed an orc knight
 12156 | Orc:2    | Found a staircase to the Elven Halls.
 12174 | Orc:2    | Killed an orc knight
 12436 | Orc:2    | Reached skill level 1 in Conjurations
 12792 | Orc:2    | Noticed an orc sorcerer
 12793 | Orc:2    | Noticed an orc sorcerer
 12798 | Orc:2    | Killed an orc sorcerer
 12798 | Orc:2    | Noticed an orc high priest
 12807 | Orc:2    | Noticed an orc high priest
 12808 | Orc:2    | Noticed an orc knight
 12808 | Orc:2    | Noticed an orc knight
 12847 | Orc:2    | Killed an orc knight
 12848 | Orc:2    | Reached skill level 5 in Ice Magic
 12848 | Orc:2    | Reached skill level 5 in Air Magic
 12848 | Orc:2    | Reached XP level 12. HP: 70/70 MP: 17/26
 12955 | Orc:2    | Killed an orc high priest
 13119 | Orc:2    | Killed an orc high priest
 13390 | Orc:2    | Noticed a soul eater
 13391 | Orc:2    | Reached skill level 1 in Evocations
 13397 | Orc:2    | Noticed an orc high priest
 13412 | Orc:2    | Noticed a soul eater
 13530 | Orc:2    | Killed an orc high priest
 13583 | Orc:2    | Found Huiff's Assorted Antiques.
 13588 | Orc:2    | Found Fadexzo's Armour Shoppe.
 13596 | Orc:2    | Found Larape's Book Shoppe.
 13598 | Orc:2    | Found Hobbekh's Distillery.
 13607 | Orc:2    | Bought a potion of heal wounds for 75 gold pieces
 13607 | Orc:2    | Bought a potion of heal wounds for 75 gold pieces
 13607 | Orc:2    | Bought 2 potions of heal wounds for 150 gold pieces
 13607 | Orc:2    | Bought a potion of berserk rage for 75 gold pieces
 13607 | Orc:2    | Bought a potion of resistance for 150 gold pieces
 14169 | D:10     | Found a glowing golden altar of the Shining One.
 14496 | D:10     | Reached ***** piety under Sif Muna
 14661 | D:10     | Found a basalt altar of Yredelemnul.
 14661 | D:10     | Noticed Sonja
 14665 | D:10     | Killed Sonja
 14816 | D:10     | Identified the staff of conjuration "Plog" {rElec rC++
                  | Str+3}
 14926 | D:11     | Reached skill level 5 in Invocations
 14926 | D:11     | Noticed a soul eater
 15048 | D:11     | Reached skill level 5 in Conjurations
 15049 | D:11     | Received a gift from Sif Muna
 15051 | D:11     | Got Sif Muna's Almanac of Bright Austromancy {god gift}
 15066 | D:11     | Found a frozen archway.
 15119 | IceCv    | Entered an ice cave
 15202 | IceCv    | Found a transporter.
 15219 | IceCv    | Learned a level 5 spell: Lee's Rapid Deconstruction
 15219 | IceCv    | Found a transporter.
 15244 | IceCv    | Reached XP level 13. HP: 27/74 MP: 20/27
 15300 | IceCv    | Identified the +4 dagger "Edwae" {venom, rC+ Str+2}
 15654 | D:11     | You fall into a shaft and drop 1 floor!
 16295 | D:11     | Found a runed translucent gate.
 16295 | D:11     | Found a runed translucent gate.
 16295 | D:11     | Found a runed translucent gate.
 16296 | D:11     | Noticed RichitheSlayer's ghost (journeyman HuCj)
 16297 | D:11     | Noticed Rello's ghost (journeyman HOBe)
 16297 | D:11     | Noticed glacial86's ghost (journeyman DrAr)
 16299 | D:11     | Noticed raetorn's ghost (journeyman DjFE)
 16772 | D:11     | Learned a level 6 spell: Statue Form
 17022 | D:10     | Bought the +2 hood of the Assassin {Detect Stab+ Stlth++}
                  | for 780 gold pieces
 17022 | D:10     | Found the +2 hood of the Assassin {Detect Stab+ Stlth++}
 17431 | D:12     | Noticed a crystal guardian
 17436 | D:12     | Killed a crystal guardian
 17799 | D:12     | Reached skill level 5 in Transmutations
 17948 | D:12     | Reached skill level 10 in Earth Magic
 18253 | D:13     | Received a gift from Sif Muna
 18271 | D:13     | Got Sif Muna's Directory of Fumes and the Oath {god gift}
 18974 | D:13     | Gained mutation: Your mind is acute. (Int +4, Str/Dex -1)
                  | [mutagenic glow]
 19113 | D:13     | Reached XP level 14. HP: 81/81 MP: 19/29
 19322 | D:13     | Learned a level 6 spell: Conjure Ball Lightning
 19328 | D:13     | Found a gate to the Vaults.
 19782 | D:14     | Found Nyatz's Changing Room.
 20799 | D:8      | Found a staircase to the Lair.
 20940 | Lair:1   | Entered Level 1 of the Lair of Beasts
 22146 | Lair:1   | Received a gift from Sif Muna
 22147 | Lair:1   | Got Sif Muna's Codex of Leadership and Traumaturgy {god
                  | gift}
 22691 | Lair:2   | Reached skill level 11 in Stealth
 23825 | Lair:2   | Reached XP level 15. HP: 85/85 MP: 30/30
 24573 | Lair:3   | Found a staircase to the Snake Pit.
 24671 | Lair:3   | Received a gift from Sif Muna
 24672 | Lair:3   | Got Ukkapomp's Volume of Frore Translocation {god gift}
 24906 | Lair:3   | Reached skill level 10 in Air Magic
 24969 | Lair:3   | Reached skill level 12 in Stealth
 25114 | Lair:3   | Found a staircase to the Swamp.
 25560 | Lair:3   | Found a runed translucent door.
 25932 | Lair:3   | Identified the amulet "Ecibloom" {Regen+ Stlth+}
 26024 | Lair:4   | Reached skill level 13 in Stealth
 26173 | Lair:4   | Found a viscous altar of Jiyva.
 26174 | Lair:4   | Found a staircase to the Slime Pits.
 26277 | Lair:4   | Noticed Urug
 26287 | Lair:4   | Killed Urug
 26288 | Lair:4   | Reached skill level 1 in Shields
 26529 | Lair:4   | Reached skill level 14 in Stealth
 27072 | Lair:4   | Received a gift from Sif Muna
 27077 | Lair:4   | Got Feru's Folio of the Shot {god gift}
 27701 | Lair:5   | Entered Level 5 of the Lair of Beasts
 27723 | Lair:5   | Identified the ring "Qucih" {rF- rC+ rN+ Int+3}
 27747 | Lair:5   | Reached skill level 15 in Stealth
 27747 | Lair:5   | Reached skill level 5 in Shields
 27948 | Lair:5   | Reached XP level 16. HP: 90/90 MP: 22/32
 28476 | Lair:5   | Reached XP level 17. HP: 95/95 MP: 34/34
 28834 | Snake:1  | Entered Level 1 of the Snake Pit
 28981 | Snake:1  | Received a gift from Sif Muna
 28982 | Snake:1  | Got Sif Muna's Almanac of Power {god gift}
 28989 | Snake:1  | Learned a level 5 spell: Summon Mana Viper
 29211 | Snake:1  | Reached skill level 1 in Summonings
 29379 | Snake:1  | Found Ivvosm's Jewellery Shop.
 29380 | Snake:1  | Noticed Aizul
 29391 | Snake:1  | Killed Aizul
 30347 | Elf:1    | Entered Level 1 of the Elven Halls
 30347 | Elf:1    | Noticed Azrael
 30352 | Elf:1    | Killed Azrael
 30366 | Elf:1    | Identified the ring "Wagegow" {rN+ Dex+7}
 30615 | Elf:1    | Reached skill level 15 in Spellcasting
 30648 | Elf:1    | Found a flickering gateway to a bazaar.
 30659 | Bazaar   | Entered a bazaar
 30659 | Bazaar   | Found Vede's Jewellery Shoppe.
 30717 | Bazaar   | Found Oprostrao's Jewellery Shoppe.
 30734 | Bazaar   | Found Ytanaama's Distillery.
 30742 | Bazaar   | Bought a potion of curing for 39 gold pieces
 30742 | Bazaar   | Bought a potion of curing for 39 gold pieces
 30774 | Bazaar   | Bought a ring of wizardry for 360 gold pieces
 30775 | Bazaar   | Bought a ring of see invisible for 180 gold pieces
 30799 | Bazaar   | Bought a potion of mutation for 104 gold pieces
 30799 | Bazaar   | Bought a potion of flight for 39 gold pieces
 30885 | Elf:1    | Noticed Jorgrun
 31069 | Elf:1    | Killed Jorgrun
 31131 | Elf:1    | Received a gift from Sif Muna
 31132 | Elf:1    | Got Sif Muna's Secrets of the Dark Boulder {god gift}
 32671 | Elf:2    | Reached XP level 18. HP: 100/100 MP: 37/37
 32989 | Elf:2    | Found a runed translucent gate.
 32990 | Elf:2    | Found a runed translucent gate.
 32990 | Elf:2    | Found a runed translucent gate.
 33129 | Elf:3    | Entered Level 3 of the Elven Halls
 33152 | Elf:3    | Received a gift from Sif Muna
 33958 | Elf:3    | Identified the +0 plate armour of the Pure Ultimatums
                  | {Slay+2}
 34038 | Elf:3    | Reached skill level 16 in Stealth
 34335 | Elf:3    | Found Qoniv's Book Emporium.
 34335 | Elf:3    | Noticed a walking crystal tome
 34338 | Elf:3    | Noticed a walking divine tome
 34883 | Abyss:2  | Cast into level 2 of the Abyss (a deep elf sorcerer)
 34975 | Abyss:2  | Gained mutation: Your magical capacity is low. (-10% MP) [a
                  | neqoxec]
 34977 | Abyss:2  | Gained mutation: You are frail. (-10% HP) [a neqoxec]
 34998 | Abyss:3  | Received a gift from Sif Muna
 35139 | Elf:3    | Escaped the Abyss
 35144 | Elf:3    | Identified the +11 rapier of Obsession {drain, Drain rF+
                  | Dex+5}
 35145 | Elf:3    | Noticed a deep elf master archer
 35147 | Elf:3    | Noticed a deep elf blademaster
 35148 | Elf:3    | Noticed a deep elf master archer
 35149 | Elf:3    | Reached skill level 10 in Dodging
 35151 | Elf:3    | Killed a deep elf blademaster
 35154 | Elf:3    | Killed a deep elf master archer
 35155 | Elf:3    | Killed a deep elf master archer
 35156 | Elf:3    | Identified the ring "Gusim" {rN++ rCorr MP+9 Int+4 Dex-3}
 35190 | Elf:3    | Identified the +1 robe of Insecurity {Str+4 Int+2 Slay-6
                  | Archmagi}
 35349 | Elf:3    | Identified the ring "Zurosuh" {rF++ Str-3 Dex+6 Slay+5}
 35349 | Elf:3    | Noticed a deep elf blademaster
 35356 | Elf:3    | Killed a deep elf blademaster
 35357 | Elf:3    | Reached XP level 19. HP: 37/94 MP: 31/35
 35478 | Elf:3    | Noticed a Hell Sentinel
 35483 | Elf:3    | Identified the +11 chain mail of Life {Harm rPois Str-4}
 35651 | Elf:3    | Reached skill level 17 in Stealth
 35726 | Elf:3    | Identified the staff of air "Toari" {rElec rPois Will+
                  | Str+3}
 35731 | Elf:3    | Got the Parchment of Misfortune
 35744 | Elf:3    | Identified the +0 pair of boots of Keuzxest {Harm rN+}
 35750 | Elf:3    | Found the +5 glaive of the Guard {elec, spectral, AC+5}
 35802 | Elf:3    | Identified the staff of conjuration "Dosusiwe" {Fragile
                  | rElec Int+5}
 35809 | Elf:3    | Identified the +4 dagger "Xeesh" {spect, Dex+3}
 36534 | Swamp:1  | Entered Level 1 of the Swamp
 36540 | Swamp:1  | Received a gift from Sif Muna
 36552 | Swamp:1  | Got Sif Muna's Papyrus of Fumes {god gift}
 36560 | Swamp:1  | Learned a level 6 spell: Plasma Beam
 36567 | Swamp:1  | Noticed Louise
 36577 | Swamp:1  | Killed Louise
 36587 | Swamp:1  | Reached skill level 1 in Fire Magic
 37196 | Swamp:1  | Learned a level 8 spell: Maxwell's Capacitive Coupling
 38121 | Swamp:3  | Noticed Mara
 38245 | Swamp:3  | Received a gift from Sif Muna
 38246 | Swamp:3  | Got Asmom's Monograph on Percussion {god gift}
 38253 | Swamp:3  | Learned a level 4 spell: Airstrike
 38375 | Swamp:3  | Noticed Atelerd's illusion
 38377 | Swamp:3  | Killed Mara
 40082 | Swamp:4  | Entered Level 4 of the Swamp
 40459 | Swamp:4  | Received a gift from Sif Muna
 40460 | Swamp:4  | Got Oxesm's Commentary on Filth and Phantasms {god gift}
 40471 | Swamp:4  | Reached XP level 20. HP: 99/99 MP: 6/36
 40615 | Swamp:4  | Reached skill level 10 in Invocations
 40618 | Swamp:4  | Reached skill level 18 in Stealth
 40639 | Swamp:4  | Reached skill level 5 in Short Blades
 41649 | Swamp:4  | Got a decaying rune of Zot
 42280 | D:15     | Entered Level 15 of the Dungeon
 42440 | D:15     | Found a staircase to the Depths.
 42473 | D:15     | Noticed Kirke
 42479 | D:15     | Killed Kirke
 42598 | D:15     | Found a gate leading to a gauntlet.
 42606 | Gauntlet | Entered a Gauntlet
 42606 | Gauntlet | Found a transporter.
 42681 | Gauntlet | Found a transporter.
 42700 | Gauntlet | Found a transporter.
 42701 | Gauntlet | Found a transporter.
 42703 | Gauntlet | Found a large runed translucent door.
 42703 | Gauntlet | Found a large runed translucent door.
 42704 | Gauntlet | Found a large runed translucent door.
 42704 | Gauntlet | Found a large runed translucent door.
 42705 | Gauntlet | Found a large runed translucent door.
 42705 | Gauntlet | Found a large runed translucent door.
 42705 | Gauntlet | Found a runed translucent door.
 42705 | Gauntlet | Found a runed translucent door.
 42706 | Gauntlet | Found a large runed translucent door.
 42706 | Gauntlet | Found a large runed translucent door.
 42707 | Gauntlet | Found a large runed translucent door.
 42707 | Gauntlet | Found a large runed translucent door.
 42708 | Gauntlet | Found a large runed translucent door.
 42708 | Gauntlet | Found a large runed translucent door.
 42710 | Gauntlet | Found a runed translucent gate.
 42710 | Gauntlet | Found a runed translucent gate.
 42710 | Gauntlet | Found a runed translucent gate.
 42712 | Gauntlet | Found a transporter.
 42722 | Gauntlet | Found a large runed translucent door.
 42723 | Gauntlet | Found a large runed translucent door.
 42732 | Gauntlet | Found a large runed translucent door.
 42732 | Gauntlet | Found a large runed translucent door.
 42732 | Gauntlet | Found a transporter.
 42745 | Gauntlet | Found a transporter.
 42763 | Gauntlet | Found a transporter.
 42767 | Gauntlet | Found a transporter.
 42786 | Gauntlet | Found a transporter.
 42810 | Gauntlet | Found a transporter.
 42812 | Gauntlet | Found a transporter.
 42905 | Gauntlet | Identified the ring of the Wizarding Fool {rPois AC+4 Str+2
                  | SInv}
 43032 | Gauntlet | Reached skill level 15 in Air Magic
 43035 | Gauntlet | Identified the ring "Ithro" {rElec rPois Will- Int+4}
 43161 | Gauntlet | Identified the +4 morningstar "Munis" {drain, rF+ Str+3
                  | Dex+2}
 43161 | Gauntlet | Identified the +4 scale mail of Reasonable Music {*Slow
                  | rPois rF+}
 43177 | Gauntlet | Got the Annotations on Orientation
 43179 | Gauntlet | Identified the +1 cloak "Jysaar" {+Blink rC- rN+ Str+6}
 43752 | D:15     | Identified the +1 scale mail of Beyond {Dex+2 Stlth+}
 44010 | D:15     | Reached skill level 10 in Shields
 44115 | Depths:1 | Entered Level 1 of the Depths
 44133 | Depths:1 | Found a gateway to Hell.
 44492 | Depths:1 | Lost mutation: You are frail. (-10% HP) [potion of
                  | mutation]
 44492 | Depths:1 | Lost mutation: Your mind is acute. (Int +4, Str/Dex -1)
                  | [potion of mutation]
 44492 | Depths:1 | Lost mutation: Your magical capacity is low. (-10% MP)
                  | [potion of mutation]
 44492 | Depths:1 | Gained mutation: Your muscles are strong. (Str +4, Int/Dex
                  | -1) [potion of mutation]
 44492 | Depths:1 | Gained mutation: You occasionally shout uncontrollably at
                  | your foes. [potion of mutation]
 44492 | Depths:1 | Gained mutation: You are agile. (Dex +4, Str/Int -1)
                  | [potion of mutation]
 44492 | Depths:1 | Gained mutation: One of your tentacles bears a spike.
                  | [potion of mutation]
 44493 | Depths:1 | Lost mutation: You are agile. (Dex +4, Str/Int -1) [potion
                  | of mutation]
 44493 | Depths:1 | Lost mutation: One of your tentacles bears a spike. [potion
                  | of mutation]
 44493 | Depths:1 | Lost mutation: Your muscles are strong. (Str +4, Int/Dex
                  | -1) [potion of mutation]
 44493 | Depths:1 | Gained mutation: You have hidden genetic potential. [potion
                  | of mutation]
 44493 | Depths:1 | Gained mutation: You sometimes lose your temper in combat.
                  | [potion of mutation]
 44494 | Depths:1 | Lost mutation: You have hidden genetic potential. [potion
                  | of mutation]
 44494 | Depths:1 | Lost mutation: You occasionally shout uncontrollably at
                  | your foes. [potion of mutation]
 44494 | Depths:1 | Lost mutation: You sometimes lose your temper in combat.
                  | [potion of mutation]
 44494 | Depths:1 | Gained mutation: You do not regenerate when monsters are
                  | visible. [potion of mutation]
 44494 | Depths:1 | Gained mutation: You passively dampen the noise of your
                  | surroundings. [potion of mutation]
 44495 | Depths:1 | Lost mutation: You passively dampen the noise of your
                  | surroundings. [potion of mutation]
 44495 | Depths:1 | Lost mutation: You do not regenerate when monsters are
                  | visible. [potion of mutation]
 44495 | Depths:1 | Gained mutation: Potions are less effective at restoring
                  | your health. [potion of mutation]
 44496 | Depths:1 | Lost mutation: Potions are less effective at restoring your
                  | health. [potion of mutation]
 44496 | Depths:1 | Gained mutation: Potions are less effective at restoring
                  | your health. [potion of mutation]
 44496 | Depths:1 | Gained mutation: You are vulnerable to heat. (rF-) [potion
                  | of mutation]
 44496 | Depths:1 | Gained mutation: You are partially covered in iridescent
                  | scales. (AC +2) [potion of mutation]
 44497 | Depths:1 | Lost mutation: Potions are less effective at restoring your
                  | health. [potion of mutation]
 44497 | Depths:1 | Lost mutation: You are partially covered in iridescent
                  | scales. (AC +2) [potion of mutation]
 44497 | Depths:1 | Lost mutation: You are vulnerable to heat. (rF-) [potion of
                  | mutation]
 44497 | Depths:1 | Gained mutation: You possess an exceptional clarity of
                  | mind. [potion of mutation]
 44497 | Depths:1 | Gained mutation: Your flesh is heat resistant. (rF+)
                  | [potion of mutation]
 44497 | Depths:1 | Gained mutation: You are robust. (+10% HP) [potion of
                  | mutation]
 44824 | Depths:1 | Received a gift from Sif Muna
 44953 | Depths:1 | Got Sif Muna's Quarto of Enchanted Variation {god gift}
 45585 | Depths:1 | Acquired 1014 gold pieces
 45897 | Orc:2    | Bought a manual of Fighting for 1360 gold pieces
 46100 | D:6      | Bought a scroll of fear for 40 gold pieces
 46100 | D:6      | Bought a scroll of fear for 40 gold pieces
 46100 | D:6      | Bought a scroll of teleportation for 30 gold pieces
 46100 | D:6      | Bought a scroll of teleportation for 30 gold pieces
 46100 | D:6      | Bought a scroll of vulnerability for 40 gold pieces
 46310 | Orc:2    | Bought a potion of haste for 240 gold pieces
 46310 | Orc:2    | Bought a scroll of teleportation for 72 gold pieces
 46310 | Orc:2    | Bought a scroll of magic mapping for 180 gold pieces
 46705 | Depths:1 | Found a one-way gateway to a ziggurat.
 46769 | Depths:1 | Found Efonav's Weapon Shoppe.
 46770 | Depths:1 | Found a broken altar of Ashenzari.
 46997 | Depths:1 | Found a one-way gate leading to the halls of Pandemonium.
 47108 | Depths:1 | Found a stormy altar of Qazlal.
 47504 | Depths:2 | Found a transporter.
 47956 | Depths:2 | Found Tewa's General Store.
 48301 | Depths:2 | Reached skill level 5 in Fighting
 48386 | Depths:2 | Found a transporter.
 48391 | Depths:2 | Identified the ring of Sufug {rC- Int+7 Slay-2 SInv}
 48416 | Depths:2 | Bought a potion of heal wounds for 50 gold pieces
 48444 | Depths:2 | Found Fuqia's Gadget Gallery.
 48447 | Depths:2 | Found Ugaulodi's Weapon Boutique.
 48540 | Depths:2 | Found a white marble altar of Elyvilon.
 48612 | Depths:2 | Reached XP level 21. HP: 132/137 MP: 42/42
 49067 | Depths:2 | Found Feuva's Jewellery Emporium.
 49189 | Depths:2 | Found Yhanyn's Assorted Antiques.
 49194 | Depths:2 | Found Ahaqich's General Store.
 49909 | Depths:3 | Reached skill level 19 in Stealth
 50193 | Depths:3 | Learned a level 5 spell: Summon Forest
 50208 | Depths:3 | Noticed a golden dragon
 50223 | Depths:3 | Killed a golden dragon
 50322 | Depths:3 | Received a gift from Sif Muna
 50323 | Depths:3 | Got Sif Muna's Octavo of Confrontation and Talus {god gift}
 50661 | Depths:3 | Identified the +1 great sword "Imyckap" {chaos, Will+}
 50774 | Depths:3 | Reached skill level 5 in Summonings
 51035 | Depths:3 | Found a runed translucent gate.
 51035 | Depths:3 | Found a runed translucent gate.
 51035 | Depths:3 | Found a runed translucent gate.
 51037 | Depths:3 | Noticed Byusuceo's ghost (adept TrMo)
 51169 | Depths:3 | Reached skill level 10 in Conjurations
 51396 | Depths:3 | Found a one-way gate to the infinite horrors of the Abyss.
 51726 | Depths:4 | Entered Level 4 of the Depths
 51838 | Depths:4 | Noticed Saint Roka
 51844 | Depths:4 | Noticed a golden dragon
 52837 | Snake:2  | Received a gift from Sif Muna
 52847 | Snake:2  | Reached skill level 20 in Stealth
 53018 | Snake:2  | Got Sif Muna's Atlas of Momentum {god gift}
 53048 | Snake:2  | Reached skill level 10 in Fighting
 53902 | Snake:3  | Reached XP level 22. HP: 149/157 MP: 44/44
 53992 | Snake:3  | Found Nohiezaz's Antique Armour Emporium.
 54287 | Snake:3  | Identified the +3 trident of Inquiry {protect, Will+ Int+3
                  | Dex-5}
 54782 | Snake:4  | Entered Level 4 of the Snake Pit
 54791 | Snake:4  | Noticed Donald
 54795 | Snake:4  | Killed Donald
 54842 | Snake:4  | Noticed Vashnia
 54847 | Snake:4  | Killed Vashnia
 54864 | Snake:3  | Learned a level 6 spell: Iron Shot
 55300 | Snake:4  | Found a sparkling altar of Nemelex Xobeh.
 55328 | Snake:4  | Received a gift from Sif Muna
 55329 | Snake:4  | Got Wosihat's Atlas of Compulsion {god gift}
 56518 | Snake:4  | Got a serpentine rune of Zot
 57051 | Snake:4  | Found Cipn's Jewellery Emporium.
 57051 | Snake:4  | Found Nyurremn's Book Boutique.
 57052 | Snake:4  | Found Titin's Jewellery Emporium.
 57305 | Slime:1  | Entered Level 1 of the Pits of Slime
 57495 | Lair:4   | Received a gift from Sif Muna
 57496 | Lair:4   | Got Sif Muna's Essays on the Xenolith {god gift}
 57766 | Vaults:1 | Entered Level 1 of the Vaults
 58213 | Vaults:1 | Found a flickering gateway to a bazaar.
 58286 | Bazaar   | Entered a bazaar
 58286 | Bazaar   | Found Dalenech's Book Boutique.
 58339 | Bazaar   | Found Huockoip's Antique Armour Shoppe.
 58365 | Bazaar   | Found Zefeeh's Magic Scroll Shoppe.
 58369 | Bazaar   | Found Ladeduarph's Weapon Shoppe.
 58394 | Bazaar   | Bought a scroll of magic mapping for 105 gold pieces
 58654 | Vaults:1 | Reached XP level 23. HP: 162/162 MP: 38/47
 58662 | Vaults:1 | Received a gift from Sif Muna
 58663 | Vaults:1 | Got Sif Muna's Volume of Luminous Putrescence {god gift}
 59014 | Vaults:1 | Learned a level 2 spell: Blink
 59019 | Vaults:1 | Learned a level 4 spell: Iskenderun's Mystic Blast
 59302 | Vaults:1 | Identified the staff of cold "Fuoschy" {rC+ rN++ Int+3
                  | Dex+2}
 60722 | Vaults:2 | Received a gift from Sif Muna
 60804 | Vaults:2 | Got Viecvaoc's Quarto of Postmortem Violence {god gift}
 60814 | Vaults:2 | Learned a level 7 spell: Haunt
 60888 | Vaults:2 | Reached skill level 1 in Necromancy
 61780 | Vaults:2 | Found Kiobuuh's Assorted Antiques.
 61786 | Vaults:2 | Bought a scroll of blinking for 345 gold pieces
 61941 | Vaults:2 | Noticed Margery
 61954 | Vaults:2 | Reached skill level 10 in Summonings
 61959 | Vaults:2 | Killed Margery
 61963 | Vaults:2 | Reached skill level 5 in Necromancy
 62985 | Vaults:3 | Received a gift from Sif Muna
 63707 | Vaults:3 | Reached XP level 24. HP: 169/169 MP: 47/47
 63897 | Vaults:3 | Found a staircase to the Crypt.
 63994 | Vaults:3 | Found Luce's Weapon Shop.
 64311 | Vaults:4 | Found a flickering gateway to a bazaar.
 64323 | Bazaar   | Entered a bazaar
 64326 | Bazaar   | Found Pyet's Distillery.
 64334 | Bazaar   | Bought a potion of curing for 27 gold pieces
 64338 | Bazaar   | Found Qatimeha's Book Shoppe.
 64348 | Bazaar   | Found Jielat's Assorted Antiques.
 64356 | Bazaar   | Found Raluifan's Book Emporium.
 64368 | Bazaar   | Found Uvalegh's Distillery.
 64372 | Bazaar   | Bought a potion of curing for 48 gold pieces
 64372 | Bazaar   | Bought a potion of haste for 160 gold pieces
 64372 | Bazaar   | Bought a potion of heal wounds for 80 gold pieces
 64372 | Bazaar   | Bought a potion of berserk rage for 80 gold pieces
 64372 | Bazaar   | Bought a potion of mutation for 128 gold pieces
 64404 | Bazaar   | Bought a potion of invisibility for 72 gold pieces
 64606 | Vaults:4 | Received a gift from Sif Muna
 64696 | Vaults:4 | Got Sif Muna's Almanac of Ashes and Rime {god gift}
 65777 | Vaults:5 | Entered Level 5 of the Vaults
 65777 | Vaults:5 | Noticed Frederick
 65780 | Vaults:5 | Reached skill level 21 in Stealth
 65781 | Vaults:5 | Killed Frederick
 65782 | Vaults:5 | Reached skill level 10 in Necromancy
 65784 | Vaults:5 | HP: 8/219 [quicksilver dragon/bolt of dispelling energy
                  | (23)]
 65784 | Vaults:5 | HP: 1/219 [spore (7)]
 65784 | Vaults:5 | Shot with a bolt by a yaktaur captain

Illustrated notes

Levels and vault maps discovered:
D:1:      mrwooster_arrival_statue_2, layout_rooms, minmay_tromino_i4
D:2:      layout_rooms
D:3:      layout_basic, hellmonk_ecumenical_altar_pennies_from_heaven,
          minivault_5, nicolae_figureground_pulse, uniq_sigmund
D:4:      cheibrodos_thug_alley, layout_rooms, minmay_temple_entry_glass,
          uniq_robin
D:5:      gammafunk_wand_slinger, layout_basic, kennysheep_orc_sif_temple,
          mainiacjoe_overflow_brackets, xom_butterflies, serial_bayou_lake_a
D:6:      layout_cave_pools, serial_shops, nicolae_shop_stone,
          minmay_shop_grid_forest
D:7:      minmay_the_grid_octo_tiled_octocenter
          [minmay_the_grid_octo_fan_narrow, minmay_the_grid_octo_fat_diamond,
          minmay_the_grid_octo_focus, minmay_the_grid_octo_pinwheel,
          minmay_the_grid_octo_prize_big_c, minmay_the_grid_square_5x5_three,
          minmay_the_grid_square_5x5_two_walls_b,
          minmay_the_grid_square_5x5_two_small,
          minmay_the_grid_square_5x5_checkered_statues], layout_loops_cross,
          grunt_temple_overflow_lords_of_destruction,
          nicolae_qazlal_beasts_of_the_sky, lemuel_zombie_altar_kikubaaqudgha,
          nicolae_specific_store
D:8:      layout_basic, nicolae_uskayaw_en_pointe, lair_entry_dummy, uniq_erica,
          uniq_maurice
D:9:      layout_basic, okawaru_ov_weapons_minmay,
          nicolae_overflow_crystal_walls, kennysheep_mini_moat, david_orc_4,
          minmay_statue_crystal_thing
D:10:     layout_loops_ring, amcnicky_altar_gilded,
          mainiacjoe_overflow_alcove_1, serial_shops, shop, moated_statue,
          hangedman_decor_peaks_small, minmay_door_square, corner_web_ring,
          abandoned_shop, uniq_sonja
D:11:     layout_long_grid, gammafunk_ghost_cemetery,
          portal_ice_cave_demonic_guard
D:12:     nzn_winding_woodlands_three_and_one
          [nzn_winding_woodlands_5x15_crooked, nzn_winding_woodlands_5x15_eye,
          nzn_winding_woodlands_5x15_twine, nzn_winding_woodlands_center_lodge],
          layout_basic
D:13:     layout_roguey, grunt_vaults_entry_tiered
D:14:     layout_basic, nicolae_figureground_sparkle,
          nicolae_transmutations_shop
D:15:     grunt_enter_depths_giant_problem, layout_loops_cross,
          serial_bayou_shore_a, gauntlet_entry_generic, uniq_kirke
Temple:   nicolae_temple_panitentiary
Lair:1:   dreamdust_isle_of_ice, layout_cave_pods
Lair:2:   layout_cave_pods, minivault_19, cheibrodos_lair_lostbears
Lair:3:   gammafunk_lair_enchanted_lake, layout_misc_corridors,
          palyth_hydra_swamp_entry, minmay_snake_entry_guardpost_small
Lair:4:   layout_regular_city, slime_entry_1, nicolae_lair_lindhole, uniq_urug
Lair:5:   gammafunk_lair_ancient_temple, layout_misc_corridors
Swamp:1:  layout_falls_marsh, infiniplex_staircase_pool, swamp_pool3,
          uniq_louise
Swamp:2:  layout_basic_swamp, hangedman_swamp_ruin_wall
Swamp:3:  nicolae_swamp_flooded_prison, layout_falls_marsh,
          nicolae_swamp_well_well_well, uniq_mara
Swamp:4:  swamp, layout_basic_swamp, swamp_pool2, hangedman_swamp_lotus,
          kb_tengu_band
Snake:1:  layout_misc_corridors, grunt_ministairs_15,
          minmay_shop_enchanted_jewellery, uniq_aizul
Snake:2:  nicolae_aizul_guard, layout_onion
Snake:3:  layout_cave_shapes, serial_shops, nicolae_shop_crystal,
          nicolae_snake_bzzzt
Snake:4:  grunt_snake_rune_spirals, layout_onion, basic_altar,
          chequers_hall_statues_wall_a, minmay_shop_grove, uniq_vashnia,
          uniq_donald
Slime:1:  layout_caves
Orc:1:    layout_caves, uniq_harold
Orc:2:    st_orc_elflike, layout_diamond_mine, basic_altar
Elf:1:    elf_arrival_002, layout_loops_cross, serial_shops, bzr_entry_islet,
          hangedman_elf_disciples, dreamdust_princess_bridge, uniq_jorgrun,
          uniq_azrael
Elf:2:    nicolae_elf_blades_crystal_corner, layout_geoelf_diagonals
Elf:3:    elf_hall, layout_geoelf_grid, serial_shops, nicolae_shop_mannequins,
          nicolae_elf_deep_mausoleum
Vaults:1: vaults_mumra_chevron_long, hangedman_vaults_snaps,
          hangedman_vaults_slice, st_hourglassy,
          nicolae_vaults_trapezoid_lopsided_2, hangedman_vaults_cutoff,
          v_misc_1, nicolae_vaults_border_crossing,
          nicolae_vaults_little_squares_1, nicolae_vaults_big_ls, v_misc_17,
          vaults_room_semicircle, layout_vaults_omnicross, serial_shops,
          bzr_entry_gold
Vaults:2: nicolae_vaults_network_star, ontoclasm_vaults_decontamination,
          nicolae_vaults_six-pack, ontoclasm_vaults_ligature,
          grunt_vaults_focal, ontoclasm_vaults_tryst,
          nicolae_vaults_security_offices_4, nicolae_vaults_tetromino_T_2,
          v_misc_31, ontoclasm_vaults_fault, nicolae_vaults_little_squares_5,
          vaults_room_fours, v_alt_pattern_3, grunt_vaults_diagonal,
          vaults_room_fours, nicolae_vaults_closet_pinwheel_6,
          layout_vaults_maze, serial_shops, shop, uniq_margery
Vaults:3: nicolae_vaults_offset_grid_hallway_4, vaults_room_door_ring,
          v_pattern_5, v_misc_27, nicolae_vaults_surprise_closet,
          vaults_dpeg_encased_lava, layout_vaults_omnigrid, serial_shops,
          shop_statue
Vaults:4: v_pattern_4, v_alt_pattern_4, hangedman_vaults_nails,
          nicolae_vaults_offset_grid_hallway_2, nicolae_vaults_alarming,
          nicolae_vaults_little_guard_posts, vaults_mumra_hexcomb,
          nicolae_vaults_circle_grid_b, vaults_room_hallway, vaults_dpeg_hooks,
          layout_vaults_big_room, serial_shops, bzr_firewalk
Vaults:5: uniq_frederick
Depths:1: layout_gridlike, enter_ziggurat_d, rand_demon_pan_entry_4,
          hangedman_geh_valley, serial_shops, shop, grunt_qazlal_clouds,
          st_stairs_7, eino_curves_03, evilmike_ruin_ashenzari
Depths:2: gammafunk_sealed_arena, layout_gridlike,
          nicolae_elyvilon_peaceful_grove, serial_shops, shop,
          nicolae_shop_waterfront, nicolae_take_the_stairs, shop,
          nicolae_shop_temple_entry_statues_fountains, rand_demon_pan_entry_7,
          grunt_hell_entry_dis_old, minmay_misc_feat_chi, nicolae_shop_gadgets
Depths:3: evilmike_cross, layout_gridlike, chequers_serial_rivers_micro_b,
          abyss_entry_crystal, rand_demon_pan_entry_1, hell_entry,
          biasface_ghost_demon_polymorph, infiniplex_staircase_split_hallway
Depths:4: evilmike_zot_entry_diamond, layout_cave_pools, hell_entry,
          minmay_misc_feat_iff, minmay_liquid_box, uniq_saint_roka

Skill      XL: |  1  2  3  4  5  6  7  8  9 10 11 12 13 14 15 16 17 18 19 20 21 22 23 24 |
---------------+-------------------------------------------------------------------------+-----
Stealth        | 3 4 5 7 9 10 11 15 16 17 18 20 21 | 21.7
Spellcasting   | 3 4 6 9 10 11 12 13 15 16 17 18 20 | 20.0
Earth Magic    | 4 5 6 7 8 10 11 12 13 | 13.4
Dodging        | 3 5 7 8 9 10 | 10.0
Transmutations | 2 3 4 6 |  6.0
Short Blades   | 1 2 3 4 5 7 |  7.0
Air Magic      | 1 5 7 9 10 12 14 15 16 | 16.0
Translocations | 1 |  1.0
Fighting       | 1 2 5 10 | 10.0
Invocations    | 2 4 5 7 9 10 11 12 | 12.0
Ice Magic      | 5 6 |  6.9
Conjurations   | 3 5 6 8 10 11 12 | 12.0
Evocations     | 1 2 |  2.0
Shields        | 5 7 9 10 | 10.0
Summonings     | 4 6 8 10 | 10.0
Fire Magic     | 4 |  4.0
Necromancy     | 8 10 | 10.0

Action                     |  1- 3 |  4- 6 |  7- 9 | 10-12 | 13-15 | 16-18 | 19-21 | 22-24 || total
---------------------------+-------+-------+-------+-------+-------+-------+-------+-------++-------
  Melee: Tentacles         |     4 |     6 |    20 |    24 |    39 |    24 |    39 |    43 ||   199
         Unarmed           |     3 |       |       |       |       |       |       |       ||     3
         Rapier            |    16 |     5 |       |       |       |       |       |       ||    21
         Constrict         |     3 |     2 |    11 |    19 |    23 |    14 |    22 |     9 ||   103
         Dagger            |       |    14 |    72 |   113 |   173 |    38 |    12 |       ||   422
         Punch             |       |     1 |     1 |       |     4 |     3 |     4 |     3 ||    16
         Staff             |       |       |       |     3 |    10 |    17 |    36 |    27 ||    93
         Long sword        |       |       |       |       |       |    37 |    57 |     3 ||    97
         Quick blade       |       |       |       |       |       |       |    15 |   107 ||   122
   Cast: Sandblast         |    33 |    59 |   145 |   266 |   338 |    79 |     1 |       ||   921
         Petrify           |       |     3 |    36 |   133 |   142 |    39 |    27 |     9 ||   389
         Freezing Cloud    |       |       |       |     6 |    59 |    48 |    48 |    63 ||   224
         Lee's Rapid Decon |       |       |       |     5 |    65 |   173 |   126 |    58 ||   427
         Vhi's Electric Ch |       |       |       |     1 |       |       |     1 |       ||     2
         Statue Form       |       |       |       |       |    21 |    38 |    63 |    50 ||   172
         Conjure Ball Ligh |       |       |       |       |    11 |    39 |    66 |   114 ||   230
         Summon Mana Viper |       |       |       |       |       |     5 |     3 |       ||     8
         Plasma Beam       |       |       |       |       |       |       |   272 |    65 ||   337
         Airstrike         |       |       |       |       |       |       |   170 |     7 ||   177
         Maxwell's Capacit |       |       |       |       |       |       |    24 |     9 ||    33
         Iron Shot         |       |       |       |       |       |       |       |   122 ||   122
         Summon Forest     |       |       |       |       |       |       |       |     3 ||     3
         Iskenderun's Myst |       |       |       |       |       |       |       |    18 ||    18
         Haunt             |       |       |       |       |       |       |       |     5 ||     5
 Invoke: Channel Magic     |       |       |       |     2 |     4 |     5 |    15 |    10 ||    36
         Forget Spell      |       |       |       |       |       |       |     3 |     2 ||     5
Ability: End Transformatio |       |       |       |       |       |     2 |     1 |       ||     3
  Evoke: Wand              |       |       |       |    14 |    12 |     2 |     3 |     4 ||    35
         Phantom mirror    |       |       |       |       |       |     1 |       |       ||     1
    Use: Potion            |       |     1 |     2 |    11 |     3 |     5 |     9 |     4 ||    35
         Scroll            |       |       |    11 |    15 |     9 |     8 |    10 |     8 ||    61
   Stab: Sleeping          |     1 |     1 |     6 |     6 |    20 |     6 |    11 |    47 ||    98
         Petrified         |       |     8 |    18 |    72 |    64 |     5 |     5 |     6 ||   178
         Petrifying        |       |       |     2 |     4 |     9 |     2 |     2 |       ||    19
         Paralysed         |       |       |       |     3 |     4 |       |     1 |       ||     8
         Distracted        |       |       |       |       |     2 |     2 |       |     2 ||     6
 Armour: Skin              |     1 |     2 |     3 |     7 |   186 |   176 |   248 |   197 ||   820
  Dodge: Dodged            |    19 |    41 |    77 |   164 |   445 |   300 |   549 |   401 ||  1996
  Block: Buckler           |       |       |       |       |       |       |   232 |   191 ||   423
